 Dungeon Crawl Stone Soup version 0.31.0-11-ge490571c62 (webtiles) character file.

Game seed: 11614870809580271710

6 Khashishi the Sneak (level 1, -5/18 HPs)
             Began as a Human Delver on Jan 27, 2024.
             Slain by an orc
             ... wielding a +0 hand axe
              (6 damage)
             ... on level 3 of the Dungeon.
             The game lasted 00:03:10 (228 turns).

Khashishi the Sneak (Human Delver)                   Turns: 228, Time: 00:03:10

Health: -5/18      AC:  3    Str: 12    XL:     1   Next: 90%
Magic:  1/1        EV: 12    Int: 10    God:
Gold:   0          SH:  0    Dex: 14    Spells: 0/0 levels left

rFire   . . .        a - +0 hand axe
rCold   . . .        (no shield)
rNeg    . . .        b - +0 leather armour
rPois   .            (no helmet)
rElec   .            (no cloak)
rCorr   .            (no gloves)
SInv    .            (no boots)
Will    .....        (no amulet)
Stlth   +++          (no ring)
HPRegen 0.23/turn    (no ring)
MPRegen 0.07/turn

%: no passive effects
@: no status effects
A: explore regen
a: no special abilities


You were on level 3 of the Dungeon.
You visited 1 branch of the dungeon, and saw 3 of its levels.

Inventory:

Hand Weapons
 a - a +0 hand axe (weapon)
Armour
 b - a +0 leather armour (worn)
Wands
 g - a wand of digging (3)
Scrolls
 c - 2 scrolls of fog
 d - a scroll of revelation
 e - a scroll of fear
Potions
 f - a potion of haste


   Skills:
 + Level 3.2 Fighting
 + Level 2.3 Axes
 - Level 2.0 Dodging
 - Level 5.0 Stealth


You couldn't memorise any spells.
You didn't know any spells.
Your spell library contained the following spells:

 Spells                   Type           Power      Damage    Failure   Level
 Dazzling Flash           Conj/Hex       0%         N/A       82%         3
 Volatile Blastmotes      Fire/Tloc      0%         2d10      82%         3
 Starburst                Conj/Fire      0%         6d3       100%        6
 Maxwell's Capacitive Co  Air            0%         ∞         100%        8


Dungeon Overview and Level Annotations

Branches:
Dungeon (5/15)
 Temple: D:4-7

Altars:


Innate Abilities, Weirdness & Mutations

You regain HP and MP as you explore.


Message History

You hit the endoplasm.
The endoplasm is almost dead.
You hear a shout! x2
The endoplasm freezes you.
You are frozen.
You barely miss the endoplasm.
The endoplasm is almost dead.
The endoplasm hits you.
You hit the endoplasm.
You kill the endoplasm!
There is a stone staircase leading down here.
You climb downwards.
There is a stone staircase leading up here.
There is a stone staircase leading up here.
You climb upwards.
You hear the sound of rushing water.
There is an entrance to a sewer on this level.
Hurry and find it before the portal rusts away!
The orc closely misses you.
There is a stone staircase leading down here.
You hit the orc.
The orc is moderately wounded.
The orc hits you with a +0 hand axe.
You hit the orc.
The orc is heavily wounded.
The orc closely misses you. The orc barely misses you. x2
You barely miss the orc.
The orc is heavily wounded.
The orc hits you from afar with a +0 trident.
The orc hits you with a +0 hand axe.
The orc hits you from afar with a +0 trident.
* * * LOW HITPOINT WARNING * * *
The orc barely misses you.
You hit the orc but do no damage.
The orc is heavily wounded.
You hear the slow rusting of a very distant drain.
The orc closely misses you. The orc barely misses you.
The orc hits you from afar with a +0 trident.
* * * LOW HITPOINT WARNING * * *
The orc hits you with a +0 hand axe.
You die...

#........... ..
.........#.##.#
.
..............
.. ...........#
... ........#
#... #.#...)##
.....##..o....#
#....o.o..###
#.##.@#####
####


You could see 3 orcs.

Vanquished Creatures
  An orc (D:3)
  An endoplasm (D:3)
  A hobgoblin (D:3)
  A quokka (D:5)
4 creatures vanquished.

Notes
Turn   | Place    | Note
-------+----------+-------------------------------------------
     0 | D:5      | Khashishi the Human Delver began the quest for the Orb.
     0 | D:5      | Reached XP level 1. HP: 18/18 MP: 1/1
     9 | D:5      | Noticed an orc wizard
    73 | D:5      | Noticed an orc wizard
   228 | D:3      | Slain by an orc

Illustrated notes

Levels and vault maps discovered:
D:3:      layout_basic, led_xom_imps,
          mainiacjoe_sewer_entry_somewhere_in_here_2, grunt_ministairs_7
D:4:      layout_basic, grunt_temple_overflow_gold_and_silver
D:5:      layout_loops_ring, st_stairs_14

Action                     || total
---------------------------++-------
  Melee: Hand axe          ||    15
 Armour: Leather armour    ||    10
  Dodge: Dodged            ||    12
